 Dungeon Crawl Stone Soup version 0.30-a0-989-g0d87f670db (webtiles) character file.

Game seed: 9892025009044831723

1 jtron the Covered (level 1, 0/19 HPs)
             Began as a Barachi Fighter on Apr 3, 2023.
             Frozen to death by an endoplasm (4 damage)
             ... on level 1 of the Dungeon.
             The game lasted 00:00:42 (42 turns).

jtron the Covered (Barachi Fighter)                   Turns: 42, Time: 00:00:42

Health: 0/19       AC:  6    Str: 17    XL:     1   Next: 20%
Magic:  1/1        EV:  9    Int:  8    God:
Gold:   0          SH:  4    Dex: 11    Spells: 0/0 levels left

rFire   . . .      SeeInvis .    a - +0 long sword
rCold   . . .      Faith    .    c - +0 buckler
rNeg    . . .      Spirit   .    b - +0 scale mail
rPois   .          Reflect  .    (no helmet)
rElec   .          Rampage  .    (no cloak)
rCorr   .                        (no gloves)
Will    .....                    (no boots) Stlth
                                 (no amulet)
HPRegen 0.23/turn                (no ring)
MPRegen 0.07/turn                (no ring)

@: unable to hop, slow
A: amphibious, slowness 1, strong legs 1, +LOS
a: Hop


You were on level 1 of the Dungeon.
You visited 1 branch of the dungeon, and saw 1 of its levels.

Inventory:

Hand Weapons
 a - a +0 long sword (weapon)
Missiles
 g - 5 stones
Armour
 b - a +0 scale mail (worn)
 c - a +0 buckler (worn)
Potions
 d - a potion of might
 e - a potion of heal wounds {unknown}
 f - 2 potions of lignification {unknown}


   Skills:
 + Level 3.6 Fighting
 + Level 2.4 Long Blades
 + Level 3.6 Armour
 + Level 3.3 Shields


You couldn't memorise any spells.
You didn't know any spells.
Your spell library was empty.

Dungeon Overview and Level Annotations

Branches:
Dungeon (1/15)

Altars:


Innate Abilities, Weirdness & Mutations

You are amphibious.
You cover ground slowly.
You can hop short distances.
You have an extended range of vision and can be seen from far away.


Message History

Found 5 stones and a ring mail.
You see here 5 stones.
g - 5 stones You slash the quokka!
You kill the quokka!
A goblin comes into view. It is wielding a +0 club.
Found 12 gold pieces and a peridot ring.
The goblin shouts!
An endoplasm and a goblin come into view.
The endoplasm quivers.
The goblin hits you but does no damage.
You closely miss the goblin. The goblin hits you with a +0 club.
The goblin closely misses you.
You barely miss the goblin. You block the goblin's attack.
You barely miss the goblin. The goblin hits you but does no damage.
You closely miss the goblin. The goblin hits you but does no damage.
The endoplasm hits you but does no damage.
The goblin hits you but does no damage. The goblin hits you with a +0 dagger.
The goblin hits you with a +0 club. The endoplasm freezes you.
You are frozen.
You closely miss the goblin. The goblin closely misses you.
The goblin hits you with a +0 club. The endoplasm freezes you.
You are frozen.
* * * LOW HITPOINT WARNING * * *
You are too injured to fight recklessly!
You are too injured to fight recklessly!
The goblin attacks as you move away! The goblin hits you with a +0 club.
* * * LOW HITPOINT WARNING * * *
The goblin closely misses you.
The endoplasm hits you but does no damage.
Hop to where?
Press: ? - help, Dir - move target Boing!
The endoplasm barely misses you. The goblin attacks as you move away!
The goblin closely misses you. The goblin hits you but does no damage.
The endoplasm freezes you.
You are frozen.
You die...

.####.......# ..##.......#
########..#.......
#...............
#.............#.###
#.....=.......#...
#.........g.####.. #####
...$.....°Jg...#.. #...#
###########@##.#.###.8.###
#.##.#.#.......#
#..#.#.'.8.<.8.+
##.>.#.#.).....#
######...#.###.8.###
#......#.#...#...#
#....).#.#...#####.
#......#...........
#......##..########


You could see an endoplasm and 2 goblins.

Vanquished Creatures
  A quokka (D:1)
1 creature vanquished.

Notes
Turn   | Place    | Note
-------+----------+-------------------------------------------
     0 | D:1      | jtron the Barachi Fighter began the quest for the Orb.
     0 | D:1      | Reached XP level 1. HP: 18/18 MP: 1/1
    42 | D:1      | Frozen to death by an endoplasm

Illustrated notes

Levels and vault maps discovered:
D:1:      dpeg_arrival_simpleton_c, layout_basic, serial_shops, shop

Action                     || total
---------------------------++-------
  Melee: Long sword        ||     6
Ability: Hop               ||     1
 Armour: Scale mail        ||     7
  Dodge: Dodged            ||     5
  Block: Buckler           ||     1

Table legend: (Time is in decaauts)
 A = Elapsed time spent in this place.
 B = Non-inter-level travel time spent in this place.
 C = Inter-level travel time spent in this place.
 D = Time resting spent in this place.
 E = Time spent auto-exploring this place.
 F = Levels seen in this place.
 G = Mean time per level.
                   A        B        C        D        E       F      G
               +--------+--------+--------+--------+--------+-----+--------+
         Total |     50 |     50 |      0 |      0 |     24 |   1 |   50.0 |
       Dungeon |     50 |     50 |      0 |      0 |     24 |   1 |   50.0 |
               +--------+--------+--------+--------+--------+-----+--------+

Top non-repeatable levels by time:
     D:1: 50 daAuts
